 Dungeon Crawl Stone Soup version 0.16.1-4-g8e1b745 (webtiles) character file.

1385665 Medar the Metallomancer (level 27, 184/192 HPs)
             Began as a Deep Elf Conjurer on Mar 26, 2015.
             Was the Champion of Zin.
             Escaped with the Orb
             ... and 3 runes on Mar 27, 2015!
             The game lasted 07:02:31 (132741 turns).

Medar the Metallomancer (Deep Elf Conjurer)       Turns: 132741, Time: 07:02:31

Health: 184/192    AC: 32    Str: 16    XL:     27
Magic:  41/50      EV: 27    Int: 51    God:    Zin [******]
Gold:   2096       SH:  8    Dex: 17    Spells: 15 memorised, 9 levels left

rFire  + . .     SeeInvis .     a - staff of earth
rCold  + . .     Clarity  .     R - +5 steam dragon armour
rNeg   + . .     SustAb   .     U - +3 buckler {AC+3}
rPois  ∞         Gourm    .     y - +2 helmet
rElec  +         Spirit   .     q - +2 cloak {rPois}
rCorr  +         Warding  +     S - +3 pair of gauntlets of War {Slay+5}
rMut   .         Stasis   .     M - +0 pair of boots of Perpetual Drought {rCorr Str-2 Int+3 Slay+2}
MR     ++...                    v - amulet "Sott" {Ward rC+ rN+ Str+8 Dex-2}
Stlth  +.........               Z - +5 ring of intelligence
                                D - ring of Broken Luck {rElec rF+ Int+4 Stlth+}

@: vitalised, very slightly contaminated, hasted, glowing, deflect missiles,
very quick, very resistant to hostile enchantments, very unstealthy
A: rough black scales 1, blurry vision 1, robust 1
a: Recite, Vitalisation, Imprison, Sanctuary, Cure All Mutations, Renounce
Religion
0: Orb of Zot
}: 3/15 runes: serpentine, barnacled, silver


You escaped.
You worshipped Zin.
Zin was exalted by your worship.
You were not hungry.

You visited 11 branches of the dungeon, and saw 57 of its levels.
You visited the Abyss 1 time.
You also visited: Ice Cave.

You collected 7940 gold pieces.
You spent 5446 gold pieces at shops.
You donated 398 gold pieces to Zin.

Inventory:

Armour
 q - a +2 cloak of poison resistance (worn)
 y - a +2 helmet (worn)
 M - the +0 pair of boots of Perpetual Drought (worn) {rCorr Str-2 Int+3 Slay+2}
   (You acquired it on level 14 of the Dungeon)

   It affects your strength (-2).
   It affects your intelligence (+3).
   It affects your accuracy and damage with ranged weapons and melee attacks
   (+2).
   It protects you from acid and corrosion.
 R - a +5 steam dragon armour (worn)
 S - the +3 pair of gauntlets of War (worn) {Slay+5}
   (You found it in an ice cave)

   It affects your accuracy and damage with ranged weapons and melee attacks
   (+5).
 U - a +3 buckler of protection (worn)
 Y - the +18 shield of the gong {rElec rN+ MR+ EV-5}
   (You found it on level 5 of the Vaults)

   It affects your evasion (-5).
   It insulates you from electricity.
   It protects you from negative energy.
   It affects your resistance to hostile enchantments.
Magical staves
 a - an uncursed staff of earth (weapon)
 b - an uncursed staff of energy {!a}
Jewellery
 v - the amulet "Sott" (around neck) {Ward rC+ rN+ Str+8 Dex-2}
   (You bought it in a shop on level 3 of the Shoals)

   [amulet of warding]

   It may prevent the melee attacks of summoned creatures.
   It affects your strength (+8).
   It affects your dexterity (-2).
   It protects you from cold.
   It protects you from negative energy.
 w - an uncursed amulet of resist mutation
 B - the ring "Threosch" {rElec rC+ rN+}
   (You took it off an ironheart preserver on level 5 of the Vaults)

   [ring of positive energy]

   It protects you from cold.
   It insulates you from electricity.
   It protects you from negative energy.
 D - the ring of Broken Luck (left hand) {rElec rF+ Int+4 Stlth+}
   (You found it on level 4 of the Dungeon)

   [ring of protection from fire]

   It affects your intelligence (+4).
   It protects you from fire.
   It insulates you from electricity.
   It makes you more stealthy.
 F - an uncursed ring of protection from magic
 V - an uncursed ring of see invisible
 Z - a +5 ring of intelligence (right hand)
Magical devices
 d - a wand of digging (12)
 j - a wand of hasting (6)
 m - a wand of disintegration (14)
 L - a wand of heal wounds (4)
 P - a wand of teleportation (5)
 T - a wand of cold (9)
Scrolls
 g - 7 scrolls of fear
 h - 4 scrolls of teleportation
 l - 13 scrolls of identify {@r2}
 o - 20 scrolls of remove curse {@r1}
 p - 6 scrolls of recharging
 s - a scroll of holy word
 x - 8 scrolls of blinking
 z - 3 scrolls of fog
 N - 4 scrolls of magic mapping
Potions
 f - 2 potions of berserk rage {!q}
 k - a potion of haste
 r - 11 potions of restore abilities
 t - 5 potions of might
 u - 14 potions of curing {@q1}
 A - 4 potions of resistance
 C - 5 potions of flight
 H - 5 potions of brilliance
 I - 9 potions of heal wounds
 J - 11 potions of agility
 K - 4 potions of ambrosia
 O - 3 potions of magic
 W - 4 potions of invisibility
 X - 4 potions of cancellation
Comestibles
 i - 22 fruits
 E - 7 meat rations {@e2}
 G - 9 bread rations {@e1}


   Skills:
 + Level 18.3 Fighting
   Level 8.2 Short Blades
 - Level 13.9 Staves
 + Level 11.6 Armour
 + Level 18.8 Dodging
 - Level 6.0 Stealth
 - Level 4.0 Shields
 - Level 23.4 Spellcasting
 - Level 20.4 Conjurations
 - Level 1.1 Hexes
 - Level 9.8 Charms
 - Level 4.0 Translocations
 - Level 2.0 Transmutations
 - Level 9.1 Fire Magic
 - Level 2.1 Ice Magic
 - Level 6.0 Air Magic
 - Level 24.4 Earth Magic
 - Level 15.5 Invocations
 - Level 12.8 Evocations


You had 9 spell levels left.
You knew the following spells:

 Your Spells              Type           Power        Failure   Level  Hunger
b - Shatter               Erth           #########.   1%          9    None
c - Stone Arrow           Conj/Erth      ######       0%          3    None
d - Iskenderun's Battles  Conj/Chrm      ########     0%          5    None
e - Swiftness             Chrm/Air       ######..     0%          2    None
l - Searing Ray           Conj           ######       0%          2    None
m - Lee's Rapid Deconstr  Erth           #########.   0%          5    None
n - Freezing Cloud        Conj/Ice/Air   ######....   1%          6    None
q - Stoneskin             Trmt/Erth      ########     0%          2    None
s - Dazzling Spray        Conj/Hex       ########     0%          3    None
v - Fireball              Conj/Fire      ########..   0%          5    None
w - Blink                 Tloc           N/A          1%          2    None
x - Iron Shot             Conj/Erth      #########.   0%          6    None
E - Haste                 Chrm           ########     1%          6    None
L - Magic Dart            Conj           ####         0%          1    None
R - Deflect Missiles      Chrm/Air       ######....   1%          6    None


Dungeon Overview and Level Annotations

Branches:
Dungeon (15/15)            Temple (1/1) D:4            Lair (8/8) D:10
 Shoals (5/5) Lair:5        Snake (5/5) Lair:4        Slime (0/6) Lair:8
    Orc (4/4) D:12            Elf (3/3) Orc:4        Vaults (5/5) D:13
  Crypt (0/3) Vaults:3     Depths (5/5) D:15           Hell (1/1)
    Zot (5/5) Depths:5
    Dis: Hell:1         Geh: Hell:1         Coc: Hell:1         Tar: Hell:1

Altars:
Ashenzari
Cheibriados
Dithmenos
Elyvilon
Fedhas
Gozag
Kikubaaqudgha
Makhleb
Nemelex Xobeh
Okawaru
Qazlal
Ru
Sif Muna
Trog
Vehumet
Xom
Yredelemnul
Zin
The Shining One
Beogh
Lugonu

Shops:
D:5 ?   D:6 }   D:8 *!:   D:14 ?   Orc:2 (   Orc:4 [*(=   Elf:1 *=}[[   Elf:3 (
Shoals:3 *   Shoals:4 :

Portals:
Hell: Depths:1 Depths:2 Depths:3 Depths:4 Depths:5
Abyss: Depths:1 Depths:2 Depths:4 Depths:5
Pandemonium: Depths:1 Depths:3 Depths:4
Ziggurat: Depths:5

Annotations:
D:15 bees
Elf:2 5 runed doors
Depths:3 1 runed door
Hell Geryon


Innate Abilities, Weirdness & Mutations

You are partially covered in rough black scales (AC +4, Dex -1).
Scrolls take you a little longer to read.
You are robust (+10% HP).


Message History

Aim: an angel, wielding a whip of holy wrath and wearing a robe (inspired to greatness, haloed)
You feel a surge of power!
The iron shot hits the angel.
The angel is severely wounded.
Your ooze hits the cherub but does no damage.
Casting: Iron Shot
Confirm with . or Enter, or press ? or * to list all spells.
Aiming: Iron Shot
Press: ? - help, Shift-Dir - straight line, f/p - angel
Aim: an angel, wielding a whip of holy wrath and wearing a robe (severely wounded, inspired to greatness, haloed)
Okay, then.
The angel gestures.
The angel is healed somewhat.
Evoke which item? (* to show all) (? for menu, Esc to quit)
Zapping:
d - a wand of digging (13)
Press: ? - help, Shift-Dir - straight line, p - angel The rock shatters into small pieces.
This wand has 12 charges left.
The angel closely misses you. The angel hits you but does no damage.
There is a staircase leading out of the dungeon here.
The angel closely misses you. You block the angel's attack.
You have escaped!

)###.....#...#.....# ###..# #
.#.#..>..'...'.....###.##.#### #
...#.....##.##.....##........####
...###'####.####'###...........).
........##..)##.....#...#.##.####
........##...##...........##.# #
.#####'####.####'###...#####.# #
## #.....##.##.....##........# #
# #.....'...'..@..###.####### # #
#.....#...#..A..# #.# # #
#######...##A#### #.# #
##..###.## #.# # ##...###A## #.#
# ##.....###.# #.#
#########.......##.# #.#
..........##.#...#.###.#
############.#.........#


You could see 2 angels.

Vanquished Creatures
  3 orbs of fire (Zot:5)
  10 ancient liches
  Boris (Depths:3)
  Margery (Depths:4)
  Saint Roka (Snake:3)
  A curse toe (Zot:5)
  4 Killer Klowns
  13 golden dragons
  Jory (Vaults:2)
  2 pandemonium lords
  Frederick (Vaults:2)
  A bone dragon (Depths:5)
  4 electric golems
  24 tentacled monstrosities
  2 liches
  An Ice Fiend (IceCv)
  6 titans
  3 deep elf blademasters (Elf:3)
  25 Orb Guardians (Zot:5)
  3 quicksilver dragons
  2 deep elf master archers (Elf:3)
  Polyphemus (Shoals:2)
  A kraken (Shoals:4)
  A tentacled starspawn (Elf:3)
  2 octopode crushers
  An Executioner (Elf:3)
  7 sphinxes
  Rupert (Lair:8)
  Agnes (Elf:1)
  An azure jelly (shapeshifter) (Vaults:4)
  21 storm dragons
  Kirke (Elf:1)
  8 tengu reavers
  3 shadow dragons
  The ghost of puimuR the Brawler, a powerful TrAM of Jiyva (Snake:2)
  3 draconian monks (Zot:3)
  Ilsuiw (Shoals:5)
  13 frost giants
  12 fire giants
  An iron dragon (Depths:4)
  4 draconian scorchers
  16 deep elf sorcerers
  3 greater nagas (Snake:5)
  2 balrugs
  2 draconian knights
  3 orc warlords (Orc:4)
  Aizul (Shoals:5)
  4 ghost moths
  A draconian zealot (Zot:2)
  24 vault wardens
  4 emperor scorpions
  2 spriggan defenders
  5 draconian annihilators
  22 ironheart preservers
  35 stone giants
  A war gargoyle (Vaults:4)
  4 draconian shifters
  2 draconian callers
  2 vampire knights
  9 grey draconians
  16 very ugly things
  19 deep elf annihilators
  10 black draconians
  7 pale draconians
  5 green draconians
  6 dire elephants
  6 deep elf demonologists
  Azrael (Snake:4)
  8 mottled draconians
  6 red draconians
  4 purple draconians
  3 white draconians
  8 yellow draconians
  4 merfolk javelineers
  4 deep elf death magi
  3 jiangshi (Vaults:3)
  23 yaktaur captains
  9 merfolk impalers
  33 vault guards
  18 ettins
  A crystal guardian (Vaults:4)
  5 minotaurs
  Josephine (D:10)
  5 rakshasas
  17 ice dragons
  12 death cobs
  The ghost of Thomus the Cleaver, a powerful HOFi of Okawaru (D:9)
  6 deep elf high priests
  11 great orbs of eyes
  Fannar (D:13)
  23 fire dragons
  Harold (D:15)
  A ghost crab (shapeshifter) (D:14)
  16 naga warriors
  19 ogre magi
  Nessos (Shoals:1)
  3 spriggan air magi (Depths:3)
  18 centaur warriors
  5 merfolk aquamancers (Shoals:5)
  12 deep troll shamans
  2 catoblepae
  7 statues (Depths:3)
  12 hydras
  An alligator snapping turtle (Shoals:4)
  Erica (D:10)
  7 merfolk avatars
  14 anacondas
  2 dancing weapons (Elf:2)
  2 hell beasts
  5 deep troll earth magi
  3 vampire magi
  8 naga sharpshooters
  8 tengu warriors
  39 death yaks
  4 satyrs
  3 orc high priests (Orc:4)
  Urug (Orc:2)
  10 spriggan berserkers
  4 sun demons
  A shock serpent (shapeshifter) (Depths:2)
  A salamander mystic (Snake:5)
  8 shock serpents
  A soul eater (Depths:1)
  23 hell knights
  The ghost of Fluffy the Cleaver, an experienced HOFi of Qazlal (D:6)
  19 deep elf knights
  9 skeletal warriors
  An unseen horror (D:12)
  2 shadow wraiths (Vaults:2)
  A golden dragon zombie (Zot:2)
  2 death drakes (shapeshifter) (Depths:2)
  35 deep trolls
  13 iron trolls
  10 ice devils
  12 deep elf summoners
  An unseen horror (shapeshifter) (Vaults:3)
  11 sea snakes
  2 flayed ghosts
  6 wizards
  2 ice statues
  17 orc knights
  4 naga ritualists
  6 giant orange brains
  12 necromancers
  27 harpies
  2 wolf spider zombies
  28 deep elf conjurers
  16 hill giants
  10 large abominations
  A hornet (Vaults:2)
  A hornet (shapeshifter) (Depths:3)
  A frost giant zombie (Zot:2)
  A lindwurm (Lair:8)
  4 wolf spiders
  A wolf spider (shapeshifter) (Vaults:5)
  13 ironbrand convokers
  13 manticores
  13 griffons
  2 human zombies (Vaults:2)
  A water nymph (shapeshifter) (Vaults:5)
  44 ugly things
  17 salamanders
  10 mana vipers
  11 cyclopes
  A fire giant zombie (Depths:2)
  7 orc sorcerers
  8 fauns
  5 phantasmal warriors
  3 stone giant zombies (Zot:2)
  6 water nymphs
  A draconian (shapeshifter) (Depths:4)
  A rust devil (Depths:1)
  13 oklob plants
  35 moths of wrath
  16 vault sentinels
  17 elephants
  4 guardian serpents
  A black mamba (shapeshifter) (Depths:5)
  9 sirens
  30 naga magi
  A manticore (shapeshifter) (Vaults:1)
  A spiny frog (shapeshifter) (Vaults:5)
  A shock serpent zombie (Abyss:1)
  12 spiny frogs
  6 torpor snails
  An eye of devastation (shapeshifter) (Vaults:5)
  45 black mambas
  3 spriggan zombies
  3 efreet
  Psyche (D:10)
  2 gargoyles (D:12)
  3 kobold demonologists
  A yaktaur (shapeshifter) (Vaults:2)
  2 demonic crawlers (Depths:5)
  A tormentor (D:15)
  A grey draconian zombie (Zot:2)
  2 tengu conjurers
  3 iron troll zombies
  84 yaktaurs
  3 anaconda simulacra (IceCv)
  3 fire drakes
  11 komodo dragons
  2 golden dragon simulacra
  The ghost of LordHeini the Covered, an average MiFi (D:4)
  An elf (shapeshifter) (D:15)
  10 freezing wraiths
  3 red devils
  A queen bee (Lair:3)
  23 deep elf priests
  6 blue devils
  46 merfolk
  A queen bee (shapeshifter) (D:15)
  Sonja (D:14)
  4 wind drakes
  2 polar bears (Lair:5)
  A fire vortex (Depths:3)
  A wolf spider simulacrum (IceCv)
  3 moth of wrath zombies (Zot:2)
  A shadow dragon simulacrum (Depths:5)
  2 harpy skeletons (D:15)
  5 boulder beetles
  34 two-headed ogres
  34 slime creatures
  25 trolls
  29 blink frogs
  2 dire elephant simulacra (IceCv)
  19 ravens
  7 snapping turtles
  A frost giant simulacrum (Vaults:2)
  An ettin zombie (Zot:2)
  A tarantella (Elf:3)
  4 basilisks
  2 redbacks (Elf:3)
  3 vampires
  A shadow (D:13)
  9 wraiths
  5 spriggans
  A hill giant zombie (Zot:2)
  A wyvern (D:14)
  34 deep elf magi
  2 trapdoor spiders
  8 fire elementals
  63 yaks
  2 hogs (Elf:1)
  13 water elementals
  5 wargs
  2 hungry ghosts
  22 hippogriffs
  Grum (D:10)
  A chaos spawn (Orc:4)
  17 vampire mosquitoes
  49 deep elf fighters
  90 nagas
  2 steam dragons (Lair:8)
  A death yak simulacrum (IceCv)
  7 hydra simulacra (IceCv)
  2 harpy simulacra (IceCv)
  4 deep troll zombies
  2 iron troll simulacra (IceCv)
  3 hell hounds (Snake:4)
  20 wolves
  A soldier ant (D:15)
  49 water moccasins
  5 mottled dragons
  2 swamp drakes (Lair:8)
  2 ettin simulacra (IceCv)
  13 porcupines
  72 orc warriors
  4 sky beasts
  8 small abominations (Depths:1)
  5 wasps
  8 ice beasts
  An eye of draining (Abyss:1)
  34 centaurs
  A necrophage (D:12)
  12 boggarts
  20 crocodiles
  59 ogres
  4 phantoms
  Sigmund (D:4)
  3 boring beetles
  A brain worm (shapeshifter) (Vaults:5)
  7 big kobolds
  A glowing shapeshifter simulacrum (Vaults:3)
  3 brain worms
  41 giant frogs
  2 wyvern zombies (D:11)
  A deep troll simulacrum (Vaults:3)
  45 killer bees
  3 troll zombies (Zot:2)
  6 scorpions
  An elephant simulacrum (IceCv)
  10 electric eels
  A goliath beetle (D:6)
  A wight (D:12)
  7 crimson imps
  4 jellies
  2 quasits
  A draconian simulacrum (IceCv)
  7 centaur zombies
  6 centaur skeletons
  4 giant frog zombies
  2 human simulacra (Vaults:3)
  Crazy Yiuf (D:3)
  12 hounds
  41 orc priests
  2 two-headed ogre zombies (Zot:2)
  4 giant frog skeletons
  12 hell rats
  16 iguanas
  51 orc wizards
  41 sheep
  4 troll simulacra (IceCv)
  A polar bear simulacrum (IceCv)
  2 spriggan simulacra
  10 worker ants
  2 killer bee zombies
  5 centaur simulacra (IceCv)
  2 ogre zombies (Zot:2)
  Ijyb (D:3)
  Jessica (D:3)
  A hound zombie (D:11)
  3 mummies
  5 gnolls
  Robin (D:3)
  35 adders
  19 river rats
  An ogre simulacrum (IceCv)
  3 naga simulacra (IceCv)
  10 white imps (IceCv)
  3 worms
  2 giant mites
  3 shadow imps
  2 ufetubi
  An adder zombie (D:7)
  4 adder skeletons
  An ooze (D:6)
  268 orcs
  12 bats
  2 bat zombies (D:2)
  24 goblins
  34 hobgoblins
  42 kobolds
  10 quokkas
  5 ball pythons
  5 giant cockroaches
  7 giant geckos
  A giant gecko skeleton (D:7)
  3 giant newts
  2 giant spores
  20 jackals
  A jackal skeleton (D:10)
  14 rats
  4 rat zombies (D:2)
  3 ballistomycetes
  23 bushes
  2 crawling corpses (Elf:3)
  16 fungi
  12 plants
  3 tentacles (Shoals:4)
3501 creatures vanquished.

Vanquished Creatures (others)
  A tentacled monstrosity (Zot:5)
  A draconian scorcher (Depths:5)
  A yellow draconian (Zot:1)
  A spriggan berserker (Depths:5)
  A tengu warrior (Depths:5)
  2 spriggans (Depths:5)
  A cyclops (D:12)
  A griffon (D:15)
  An ugly thing (D:12)
  A moth of wrath (Zot:2)
  6 drowned souls (Shoals:4)
  2 elephants (Lair:8)
  A naga mage (Snake:4)
  A kobold demonologist (D:12)
  A tengu conjurer (Depths:3)
  A troll (D:12)
  A raven (Depths:5)
  A fire elemental (Snake:4)
  A deep troll skeleton (Vaults:2)
  2 humans
  2 wasps (Depths:5)
  A killer bee (D:12)
  A hound (D:12)
  An orc priest (D:12)
  An iguana (D:12)
  An orc wizard (D:12)
  An adder (D:12)
  An ooze (D:1)
  An orc (D:12)
  2 giant newts
  A goblin (D:1)
  2 rats (D:1)
  7 bushes (Zot:4)
  23 fungi
  49 plants
  3 starspawn tentacles (Elf:3)
  9 tentacles (Shoals:4)
  207 tentacle segments (Shoals:4)
341 creatures vanquished.

Grand Total: 3842 creatures vanquished

Notes
Turn   | Place    | Note
--------------------------------------------------------------
     0 | D:1      | Medar, the Deep Elf Conjurer, began the quest for the Orb.
     0 | D:1      | Reached XP level 1. HP: 10/10 MP: 5/5
   252 | D:1      | Reached XP level 2. HP: 15/15 MP: 4/8
   256 | D:1      | Learned a level 2 spell: Searing Ray
  1391 | D:1      | Reached skill level 5 in Conjurations
  1391 | D:1      | Reached XP level 3. HP: 19/19 MP: 2/12
  1618 | D:2      | Gained mutation: You are robust (+10% HP). [potion of mutation]
  1618 | D:2      | Gained mutation: You are partially covered in rough black scales (AC +4, Dex -1). [potion of mutation]
  1618 | D:2      | Gained mutation: Scrolls take you a little longer to read. [potion of mutation]
  1925 | D:2      | Learned a level 3 spell: Dazzling Spray
  1960 | D:2      | Found an ancient bone altar of Kikubaaqudgha.
  2002 | D:2      | Found an ancient bone altar of Kikubaaqudgha.
  2005 | D:2      | Noticed a human
  2006 | D:2      | Killed a human
  2248 | D:3      | Reached XP level 4. HP: 26/26 MP: 13/15
  2257 | D:3      | Learned a level 4 spell: Iskenderun's Mystic Blast
  2300 | D:3      | Noticed Ijyb
  2306 | D:3      | Killed Ijyb
  2306 | D:3      | Reached skill level 1 in Hexes
  2454 | D:3      | Noticed Jessica
  2459 | D:3      | Killed Jessica
  2505 | D:3      | Noticed Robin
  2677 | D:3      | Reached skill level 6 in Conjurations
  2841 | D:3      | Reached XP level 5. HP: 30/30 MP: 4/18
  3344 | D:3      | Noticed Crazy Yiuf
  3376 | D:3      | Killed Crazy Yiuf
  3511 | D:3      | Killed Robin
  3606 | D:4      | Found a sacrificial altar of Ru.
  3608 | D:4      | Noticed LordHeini's ghost (average MiFi)
  4152 | D:4      | Reached skill level 7 in Conjurations
  4217 | D:4      | Got a shimmering jade ring
  4322 | D:4      | Noticed an ogre
  4413 | D:4      | Noticed Sigmund
  4445 | D:3      | Identified the ring of Broken Luck {rElec rF+ Int+4 Stlth+} (You found it on level 4 of the Dungeon)
  4998 | D:4      | Killed Sigmund
  4998 | D:4      | Reached XP level 6. HP: 35/35 MP: 6/20
  5174 | D:4      | Found a basalt altar of Yredelemnul.
  5310 | D:4      | Reached skill level 5 in Spellcasting
  5317 | D:4      | Learned a level 5 spell: Iskenderun's Battlesphere
  5433 | D:4      | Reached skill level 1 in Charms
  5607 | D:4      | Found a staircase to the Ecumenical Temple.
  5615 | Temple   | Entered the Ecumenical Temple
  5676 | Temple   | Became a worshipper of Zin the Law-Giver
  5676 | Temple   | Acquired Zin's first power
  5994 | D:5      | Entered Level 5 of the Dungeon
  6306 | D:5      | Noticed a water moccasin
  6311 | D:5      | Killed a water moccasin
  6311 | D:5      | Reached skill level 8 in Conjurations
  6311 | D:5      | Reached XP level 7. HP: 39/39 MP: 16/22
  6459 | D:5      | Reached skill level 5 in Charms
  6686 | D:5      | Found a white marble altar of Elyvilon.
  6858 | D:5      | Found Theibiba's Magic Scroll Shoppe.
  6864 | D:5      | Bought a scroll of teleportation for 36 gold pieces
  6864 | D:5      | Bought a scroll of random uselessness for 12 gold pieces
  7178 | D:5      | Found a burning altar of Makhleb.
  7552 | D:5      | Reached XP level 8. HP: 32/45 MP: 11/25
  7651 | D:6      | Noticed Fluffy's ghost (experienced HOFi)
  7855 | D:6      | Reached skill level 9 in Conjurations
  8072 | D:6      | Found Fuadat's Gadget Shoppe.
  8432 | D:6      | Noticed a two-headed ogre
  8648 | D:6      | Killed a two-headed ogre
  8733 | D:6      | Acquired Zin's second power
  8988 | D:7      | Found an iron altar of Okawaru.
  8996 | D:7      | Got a transparent spear
  9034 | D:7      | Reached skill level 10 in Conjurations
  9128 | D:7      | Learned a level 3 spell: Stone Arrow
  9376 | D:7      | Reached skill level 1 in Earth Magic
  9516 | D:7      | Reached XP level 9. HP: 42/49 MP: 10/29
 10354 | D:8      | Found a glowing silver altar of Zin.
 10354 | D:8      | Found Urecw's Assorted Antiques.
 10424 | D:8      | Found Osit's Distillery.
 10428 | D:8      | Bought a potion of curing for 42 gold pieces
 10428 | D:8      | Bought a potion of degeneration for 14 gold pieces
 10429 | D:8      | Identified the +7 spear "Starlight" {drain, rN+ MR+} (You found it on level 7 of the Dungeon)
 10443 | D:8      | Found Wuracomat's Book Boutique.
 10604 | D:8      | Bought a book of Minor Magic for 200 gold pieces
 10607 | D:8      | Learned a level 2 spell: Repel Missiles
 10610 | D:8      | Learned a level 2 spell: Blink
 10766 | D:8      | Found Hoth's Food Shop.
 10940 | D:8      | Bought a runed robe for 20 gold pieces
 11264 | D:8      | Noticed a two-headed hydra
 11276 | D:8      | Reached skill level 1 in Translocations
 11276 | D:8      | Reached skill level 1 in Air Magic
 11279 | D:8      | Killed a two-headed hydra
 11330 | D:8      | Reached skill level 1 in Fighting
 11330 | D:8      | Reached skill level 5 in Dodging
 11834 | D:8      | Acquired Zin's third power
 11927 | D:9      | Found a shattered altar of Ashenzari.
 12004 | D:9      | Noticed Thomus' ghost (powerful HOFi)
 12095 | D:9      | Killed Thomus' ghost
 12095 | D:9      | Reached XP level 10. HP: 56/61 MP: 10/30
 12518 | D:9      | Reached skill level 10 in Spellcasting
 12525 | D:9      | Learned a level 3 spell: Conjure Flame
 13184 | D:9      | Reached skill level 11 in Conjurations
 13400 | D:9      | Reached skill level 1 in Invocations
 13453 | D:10     | Entered Level 10 of the Dungeon
 13992 | D:10     | Reached XP level 11. HP: 66/66 MP: 23/32
 14051 | D:10     | Noticed Grum
 14055 | D:10     | Killed Grum
 14059 | D:10     | Reached skill level 12 in Conjurations
 14244 | D:10     | Noticed Psyche
 14245 | D:10     | Noticed Erica
 14251 | D:10     | Killed Psyche
 14253 | D:10     | Killed Erica
 14592 | D:10     | Found a staircase to the Lair.
 14594 | D:10     | Reached skill level 13 in Conjurations
 14631 | D:10     | Noticed Josephine
 14925 | D:10     | Killed Josephine
 15473 | D:11     | Noticed a hill giant
 15494 | Lair:1   | Entered Level 1 of the Lair of Beasts
 15660 | Lair:1   | Reached skill level 14 in Conjurations
 16927 | Lair:2   | Got a brightly glowing quarterstaff
 16928 | Lair:2   | Identified the +6 quarterstaff of Absolution {flame, Noisy rElec MP+9 Str+5} (You found it on level 2 of the Lair of Beasts)
 16949 | Lair:2   | Reached skill level 15 in Conjurations
 17801 | Lair:3   | Reached XP level 12. HP: 68/70 MP: 22/33
 17947 | Lair:2   | Noticed a six-headed hydra
 18475 | Lair:3   | Reached skill level 16 in Conjurations
 18880 | Lair:3   | Acquired Zin's fourth power
 19532 | Lair:3   | Reached skill level 17 in Conjurations
 19921 | Lair:4   | Got a scorched gossamer ring
 19945 | Lair:4   | Identified the ring "Blosoi" {Str+4 Stlth+} (You found it on level 4 of the Lair of Beasts)
 20140 | Lair:4   | Found a hole to the Spider Nest.
 20393 | Lair:4   | Found a staircase to the Snake Pit.
 20898 | Lair:4   | Reached skill level 1 in Fire Magic
 21860 | Lair:5   | Reached XP level 13. HP: 77/77 MP: 26/34
 21983 | Lair:5   | Found a staircase to the Shoals.
 22660 | Lair:5   | Noticed a five-headed hydra
 22663 | Lair:5   | Killed a five-headed hydra
 22663 | Lair:5   | Reached skill level 5 in Invocations
 24986 | D:10     | Noticed a hill giant
 24997 | D:10     | Killed a hill giant
 25241 | D:8      | Bought Khegoez's Compendium of Torrid Combat Magic for 525 gold pieces
 25248 | D:8      | Learned a level 6 spell: Iron Shot
 26324 | Lair:6   | Reached skill level 5 in Earth Magic
 27257 | Lair:7   | Got a pair of warped gloves
 27263 | Lair:7   | Identified the +1 pair of gloves of Impressiveness {rN++ Str-5 Dex+2} (You found it on level 7 of the Lair of Beasts)
 27263 | Lair:7   | Lost strength.
 27356 | Lair:7   | Reached XP level 14. HP: 71/83 MP: 9/36
 29742 | Lair:8   | Entered Level 8 of the Lair of Beasts
 30675 | Lair:8   | Reached skill level 15 in Spellcasting
 30890 | Lair:8   | Noticed Rupert
 30894 | Lair:8   | Killed Rupert
 31703 | Lair:7   | Learned a level 5 spell: Fireball
 31881 | Lair:8   | Reached skill level 1 in Armour
 31911 | Lair:8   | Reached skill level 5 in Fire Magic
 32464 | Lair:8   | Found a staircase to the Slime Pits.
 32786 | Lair:8   | Reached XP level 15. HP: 77/88 MP: 20/39
 34255 | D:6      | Killed Fluffy's ghost
 34482 | D:4      | Found a sacrificial altar of Ru.
 34492 | D:4      | Killed an ogre
 34517 | D:4      | Killed LordHeini's ghost
 34964 | D:11     | Killed a hill giant
 35151 | D:11     | Noticed a hill giant
 35154 | D:11     | Killed a hill giant
 35300 | D:11     | Reached skill level 18 in Conjurations
 36659 | D:12     | Found a staircase to the Orcish Mines.
 36723 | D:12     | Found a shimmering altar of Xom.
 37608 | D:12     | Noticed a sphinx
 37620 | D:12     | Killed a sphinx
 38522 | Orc:1    | Entered Level 1 of the Orcish Mines
 40000 | Orc:2    | Found a radiant altar of Vehumet.
 40261 | Orc:2    | Found Juiluryr's Antique Weapon Emporium.
 40544 | Orc:2    | Noticed Urug
 40730 | Orc:2    | Killed Urug
 41068 | Orc:3    | Found a roughly hewn altar of Beogh.
 41369 | Orc:3    | Found a bloodstained altar of Trog.
 41894 | Orc:4    | Entered Level 4 of the Orcish Mines
 42041 | Orc:4    | Found a radiant altar of Vehumet.
 42067 | Orc:4    | Found a staircase to the Elven Halls.
 43594 | Orc:4    | Reached XP level 16. HP: 94/94 MP: 19/41
 43854 | Orc:4    | Reached skill level 19 in Conjurations
 44944 | Orc:4    | Found Ynoceine's General Store.
 44944 | Orc:4    | Found Khugritecui's Antique Armour Shop.
 44944 | Orc:4    | Found Ciagruis' Jewellery Boutique.
 44944 | Orc:4    | Found Grauvvui's Antique Weapon Shop.
 44960 | Orc:4    | Bought a scroll of fear for 56 gold pieces
 44960 | Orc:4    | Bought a scroll of blinking for 120 gold pieces
 44961 | Orc:4    | Bought a cursed ring of loudness for 58 gold pieces
 45184 | Orc:4    | Bought a dazzling whip for 150 gold pieces
 45184 | Orc:4    | Bought a translucent hand axe for 160 gold pieces
 45184 | Orc:4    | Identified the +5 whip of the Empty Page {drain, rPois rC+ rN+ MR- Dex-3} (You bought it in a shop on level 4 of the Orcish Mines)
 45186 | Orc:4    | Identified the +1 hand axe of Psychosis {venom, +Rage} (You bought it in a shop on level 4 of the Orcish Mines)
 45764 | D:5      | Bought a scroll of blinking for 90 gold pieces
 45764 | D:5      | Bought 2 scrolls of identify for 48 gold pieces
 45764 | D:5      | Bought a scroll of identify for 24 gold pieces
 45764 | D:5      | Bought a scroll of enchant armour for 90 gold pieces
 45764 | D:5      | Bought a scroll of identify for 24 gold pieces
 45887 | D:8      | Bought a potion of heal wounds for 70 gold pieces
 45887 | D:8      | Bought a potion of berserk rage for 70 gold pieces
 45985 | D:8      | Bought a shiny glass ring for 145 gold pieces
 45985 | D:8      | Bought a shiny silver wand for 116 gold pieces
 46002 | D:8      | Bought 3 scrolls of identify for 174 gold pieces
 46002 | D:8      | Bought a scroll of identify for 58 gold pieces
 46882 | D:13     | Found a gate to the Vaults.
 46882 | D:13     | Noticed Fannar
 46884 | D:13     | Killed Fannar
 47454 | D:13     | Found a roughly hewn altar of Beogh.
 47913 | D:14     | Found Giucs' Magic Scroll Shop.
 48404 | D:14     | Noticed Sonja
 48405 | D:14     | Killed Sonja
 48982 | D:15     | Entered Level 15 of the Dungeon
 50017 | D:8      | Bought a book of Enchantments for 500 gold pieces
 50024 | D:8      | Learned a level 6 spell: Haste
 50041 | D:8      | Learned a level 6 spell: Deflect Missiles
 50595 | D:15     | Noticed Harold
 50596 | D:15     | Killed Harold
 51390 | D:15     | Reached skill level 5 in Air Magic
 52118 | D:15     | Found a staircase to the Depths.
 52816 | Elf:1    | Entered Level 1 of the Elven Halls
 53066 | Elf:1    | Got a translucent quarterstaff
 53074 | Elf:1    | Reached XP level 17. HP: 77/99 MP: 32/43
 53075 | Elf:1    | Reached skill level 1 in Shields
 53344 | Elf:1    | Noticed Agnes
 53348 | Elf:1    | Killed Agnes
 53406 | Elf:1    | Found Loohydib's Armour Emporium.
 53414 | Elf:1    | Noticed Kirke
 53420 | Elf:1    | Killed Kirke
 53727 | Elf:1    | Found Nutwuare's Armour Shop.
 53822 | Elf:1    | Found Wiab Kaa's Jewellery Shop.
 53946 | Elf:1    | Found Ymuah's Gadget Emporium.
 54106 | Elf:1    | Found Ugyin's General Store.
 54388 | Elf:2    | Reached skill level 5 in Fighting
 54579 | Elf:1    | Bought a +2 pair of gloves for 247 gold pieces
 54747 | Elf:2    | Found Ihuemn's Food Emporium.
 54793 | Elf:2    | Reached skill level 10 in Dodging
 55045 | Elf:2    | Found a huge runed gate.
 55051 | Elf:2    | Found a huge runed gate.
 55051 | Elf:2    | Found a huge runed gate.
 55052 | Elf:2    | Found a huge runed gate.
 55053 | Elf:2    | Found a huge runed gate.
 55340 | Elf:3    | Entered Level 3 of the Elven Halls
 55433 | Elf:3    | Found an ancient bone altar of Kikubaaqudgha.
 55553 | Elf:3    | Reached skill level 10 in Invocations
 55686 | Elf:3    | Reached skill level 1 in Evocations
 55762 | Elf:3    | Found Qiatzas' Weapon Emporium.
 56539 | Elf:3    | Reached skill level 5 in Armour
 56893 | Elf:3    | Cast into the Abyss (a deep elf sorcerer)
 57190 | Elf:3    | Escaped the Abyss
 57319 | Elf:3    | Reached skill level 5 in Stealth
 57726 | Lair:1   | Learned a level 5 spell: Lee's Rapid Deconstruction
 57934 | Snake:1  | Entered Level 1 of the Snake Pit
 58618 | Lair:1   | Learned a level 2 spell: Stoneskin
 60010 | Snake:2  | Noticed puimuR's ghost (powerful TrAM)
 60241 | Snake:2  | Reached XP level 18. HP: 110/110 MP: 37/43
 60512 | Snake:2  | Killed puimuR's ghost
 61276 | Snake:3  | Noticed Saint Roka
 61437 | Snake:3  | Found a frozen archway.
 61519 | IceCv    | Entered an ice cave
 62892 | IceCv    | Got a pair of blackened boots
 62898 | IceCv    | Identified the cursed -3 pair of boots "Dejeibb" {MP+9 Str+2 Int-5 Stlth+} (You found it in an ice cave)
 63335 | Snake:3  | Reached skill level 1 in Short Blades
 63852 | Snake:3  | Killed Saint Roka
 65372 | Snake:3  | Reached skill level 5 in Short Blades
 66859 | Snake:4  | Noticed Azrael
 67035 | Snake:4  | Killed Azrael
 67949 | Lair:1   | Learned a level 6 spell: Freezing Cloud
 68329 | Snake:5  | Entered Level 5 of the Snake Pit
 68476 | Snake:5  | Reached skill level 1 in Ice Magic
 68483 | Snake:5  | Reached skill level 1 in Transmutations
 70327 | Snake:5  | Reached XP level 19. HP: 117/117 MP: 25/44
 72946 | Snake:5  | Got a serpentine rune of Zot
 73302 | Shoals:1 | Entered Level 1 of the Shoals
 73592 | Shoals:1 | Noticed Nessos
 73596 | Shoals:1 | Killed Nessos
 74415 | Shoals:2 | Noticed Polyphemus
 74632 | Lair:2   | Killed a six-headed hydra
 75147 | Shoals:2 | Killed Polyphemus
 75723 | Shoals:3 | You fall through a shaft!
 76002 | Shoals:3 | Found Worgh's Assorted Antiques.
 76010 | Shoals:3 | Bought a potion of curing for 72 gold pieces
 76010 | Shoals:3 | Bought a crude copper amulet for 120 gold pieces
 76012 | Shoals:3 | Identified the amulet "Sott" {Ward rC+ rN+ Str+8 Dex-2} (You bought it in a shop on level 3 of the Shoals)
 76498 | Shoals:4 | Reached skill level 20 in Spellcasting
 77118 | Shoals:4 | Found Jaren's Book Boutique.
 77985 | Shoals:4 | Reached skill level 10 in Earth Magic
 78497 | Shoals:5 | Entered Level 5 of the Shoals
 78613 | Shoals:5 | Found a glowing golden altar of the Shining One.
 78613 | Shoals:5 | Noticed Aizul
 78615 | Shoals:5 | Reached XP level 20. HP: 112/125 MP: 32/45
 79172 | Shoals:5 | Killed Aizul
 79502 | Shoals:5 | Got a barnacled rune of Zot
 79919 | Shoals:5 | Noticed Ilsuiw
 80699 | Shoals:5 | Killed Ilsuiw
 81825 | Vaults:1 | Entered Level 1 of the Vaults
 83480 | Elf:3    | Reached skill level 15 in Earth Magic
 84263 | Elf:3    | Got a pair of twisted gloves
 84274 | Elf:3    | Identified the +1 pair of gloves of the Farrier {Dex-3 SInv Stlth+} (You found it on level 3 of the Elven Halls)
 84301 | Elf:3    | Identified a cursed +3 rod of shadows (10/10) (You found it on level 3 of the Elven Halls)
 84310 | Elf:3    | Identified Ditekul's Grimoire of Earthen Changing
 84316 | Elf:3    | Got a fine bronze ring
 84319 | Elf:3    | Identified the ring of Jayr Ixt {rC+ MP+9} (You found it on level 3 of the Elven Halls)
 84321 | Elf:3    | Got a smoking emerald amulet
 84324 | Elf:3    | Identified the amulet "Keydij" {Gourm Int+3} (You found it on level 3 of the Elven Halls)
 84413 | Elf:3    | Got an iridescent spear
 84414 | Elf:3    | Identified the +2 spear of Reason {pierce, Dex+4} (You found it on level 3 of the Elven Halls)
 86137 | Vaults:1 | Reached XP level 21. HP: 130/130 MP: 0/45
 87713 | Elf:3    | Bought the +5 quick blades "Gyre" and "Gimble" {pierce, Dex-3} for 674 gold pieces
 88841 | Vaults:2 | Noticed Frederick
 88849 | Vaults:2 | Killed Frederick
 89951 | Vaults:2 | Noticed Jory
 90033 | Vaults:2 | Killed Jory
 91246 | Vaults:2 | Got a shimmering leather armour
 91257 | Vaults:2 | Identified the cursed -6 leather armour of the Pirate {rPois} (You found it on level 2 of the Vaults)
 92299 | Vaults:3 | Found a staircase to the Crypt.
 93834 | Vaults:3 | Reached XP level 22. HP: 136/136 MP: 39/46
 95036 | Vaults:4 | Reached skill level 21 in Earth Magic
 95776 | Vaults:4 | Got a pair of ancient boots
 95787 | Vaults:4 | Identified the cursed -5 pair of boots "Negu Wer" {rPois Dex+4} (You found it on level 4 of the Vaults)
 96294 | Vaults:4 | Reached skill level 22 in Earth Magic
 97973 | Vaults:4 | Reached skill level 23 in Earth Magic
 98617 | Elf:3    | Learned a level 9 spell: Shatter
 99282 | Depths:1 | Entered Level 1 of the Depths
100258 | Depths:1 | Reached XP level 23. HP: 140/140 MP: 21/46
100625 | Depths:1 | Found a one-way gate leading to the halls of Pandemonium.
100727 | Depths:1 | Found a gateway to Hell.
100942 | Depths:1 | Got an ichor-stained ring mail
100953 | Depths:1 | Identified the +2 ring mail "Oheucafi" {rF+ Int+4 Dex-3} (You found it on level 1 of the Depths)
101828 | Depths:1 | Learned a level 2 spell: Swiftness
101955 | Depths:1 | Found a one-way gate to the infinite horrors of the Abyss.
103773 | Depths:2 | Reached skill level 24 in Earth Magic
104601 | Depths:2 | Found a runed gate.
104601 | Depths:2 | Found a runed gate.
104601 | Depths:2 | Found a runed gate.
104775 | Depths:2 | Found a runed gate.
104776 | Depths:2 | Found a runed gate.
104776 | Depths:2 | Found a runed gate.
106267 | Depths:3 | Reached skill level 5 in Evocations
106474 | Depths:3 | Got an ancient copper amulet
106499 | Depths:3 | Identified the amulet "Puehuded" {Inacc rElec} (You found it on level 3 of the Depths)
107475 | Depths:3 | Found a runed door.
107641 | Depths:3 | Reached XP level 24. HP: 149/149 MP: 37/48
107757 | Depths:3 | Noticed Boris
107763 | Depths:3 | Killed Boris
107763 | Depths:3 | Reached skill level 10 in Fighting
108004 | Depths:3 | Found a radiant altar of Vehumet.
108140 | Depths:3 | Found a runed door.
108848 | Depths:3 | Found a bloodstained altar of Trog.
109221 | Hell     | Entered the Vestibule of Hell
109221 | Hell     | Noticed Geryon
110012 | Depths:4 | Found a runed door.
110276 | Depths:4 | Noticed Margery
110502 | Depths:4 | Killed Margery
111101 | Depths:4 | Found a runed door.
112151 | Depths:5 | Entered Level 5 of the Depths
112850 | Depths:5 | Found a gateway to a ziggurat.
113362 | Depths:5 | Found a corrupted altar of Lugonu.
114470 | Depths:5 | Reached XP level 25. HP: 169/169 MP: 27/48
114606 | Depths:5 | Reached skill level 15 in Fighting
115202 | Depths:5 | Found a gate to the Realm of Zot.
115962 | D:8      | Bought a meat ration for 55 gold pieces
115962 | D:8      | Bought a meat ration for 55 gold pieces
115962 | D:8      | Bought a royal jelly for 22 gold pieces
115962 | D:8      | Bought a beef jerky for 16 gold pieces
115962 | D:8      | Bought a bread ration for 55 gold pieces
115962 | D:8      | Bought a slice of pizza for 16 gold pieces
115962 | D:8      | Bought a meat ration for 55 gold pieces
115962 | D:8      | Bought a bread ration for 55 gold pieces
115962 | D:8      | Bought a beef jerky for 16 gold pieces
115962 | D:8      | Bought a slice of pizza for 16 gold pieces
115962 | D:8      | Bought a bread ration for 55 gold pieces
115962 | D:8      | Bought a meat ration for 55 gold pieces
116332 | Elf:1    | Bought a meat ration for 75 gold pieces
116442 | Elf:2    | Bought a slice of pizza for 15 gold pieces
116442 | Elf:2    | Bought a slice of pizza for 15 gold pieces
116442 | Elf:2    | Bought a bread ration for 50 gold pieces
116442 | Elf:2    | Bought 3 fruits for 45 gold pieces
116442 | Elf:2    | Bought a beef jerky for 15 gold pieces
116442 | Elf:2    | Bought a beef jerky for 15 gold pieces
116442 | Elf:2    | Bought a meat ration for 50 gold pieces
116696 | D:14     | Bought a scroll of acquirement for 780 gold pieces
116704 | D:14     | Got a pair of smoking boots
116715 | D:14     | Identified the +0 pair of boots of Perpetual Drought {rCorr Str-2 Int+3 Slay+2} (You acquired it on level 14 of the Dungeon)
117147 | Vaults:5 | Entered Level 5 of the Vaults
117153 | Vaults:5 | Noticed an ancient lich
117153 | Vaults:5 | Noticed an ancient lich
117296 | Vaults:5 | Killed an ancient lich
117300 | Vaults:5 | Killed an ancient lich
117447 | Vaults:5 | Noticed an ancient lich
117449 | Vaults:5 | Killed an ancient lich
118074 | Vaults:5 | Reached skill level 10 in Evocations
118238 | Vaults:5 | Reached XP level 26. HP: 152/180 MP: 30/49
118857 | Vaults:5 | Reached skill level 15 in Dodging
119120 | Vaults:5 | Got a sparkling brass ring
119311 | Vaults:5 | Got a shimmering rapier
119312 | Vaults:5 | Identified the +6 rapier "Killer Klown's Peril" {pierce, Int+4} (You took it off a deep elf conjurer on level 5 of the Vaults)
119424 | Vaults:5 | Got a silver rune of Zot
119430 | Vaults:5 | Identified the ring "Twiojin" {+/*Tele rF- Slay+6} (You took it off a yaktaur captain on level 5 of the Vaults)
119432 | Vaults:5 | Identified Sif Muna's Incunabulum of Ashen Conjuration (You found it on level 5 of the Vaults)
119435 | Vaults:5 | Identified Thoentuom's Catalogue of the Turtle
119507 | Vaults:5 | Reached skill level 1 in Staves
119715 | Vaults:5 | Noticed an ancient lich
119717 | Vaults:5 | Killed an ancient lich
119720 | Vaults:5 | Reached skill level 5 in Staves
120087 | Vaults:5 | Got a coiled wooden ring
120112 | Vaults:5 | Identified the ring "Threosch" {rElec rC+ rN+} (You took it off an ironheart preserver on level 5 of the Vaults)
120934 | Zot:1    | Entered Level 1 of the Realm of Zot
122068 | Zot:1    | Reached skill level 10 in Staves
123246 | Zot:2    | Reached XP level 27. HP: 187/187 MP: 12/49
124683 | Zot:2    | Paralysed by a Zot trap for 3 turns
125874 | Zot:3    | Reached skill level 15 in Invocations
128498 | Zot:5    | Entered Level 5 of the Realm of Zot
129724 | Zot:5    | Noticed an ancient lich
129728 | Zot:5    | Killed an ancient lich
129760 | Zot:5    | Noticed an ancient lich
129767 | Zot:5    | Killed an ancient lich
129943 | Zot:5    | Noticed an ancient lich
129950 | Zot:5    | Noticed an ancient lich
129959 | Zot:5    | Killed an ancient lich
130154 | Zot:5    | Noticed an orb of fire
130171 | Zot:5    | Noticed an ancient lich
130193 | Zot:5    | Killed an ancient lich
130193 | Zot:5    | Reached skill level 10 in Armour
130461 | Zot:5    | Noticed an orb of fire
130468 | Zot:5    | Killed an orb of fire
130771 | Zot:5    | Killed an orb of fire
130898 | Zot:5    | Killed an ancient lich
131246 | Zot:5    | Noticed an orb of fire
131252 | Zot:5    | Killed an orb of fire
131833 | Zot:5    | Got the Orb of Zot
132216 | Depths:2 | Noticed Cora the pandemonium lord
132221 | Depths:2 | Killed Cora the pandemonium lord
132365 | D:14     | Noticed Ghunaup the pandemonium lord
132382 | D:15     | Noticed Stroeleff the pandemonium lord
132387 | D:15     | Noticed an ancient lich
132392 | D:15     | Killed Stroeleff the pandemonium lord
132395 | D:15     | Killed an ancient lich
132712 | D:1      | Noticed a seraph
132741 | D:$      | Escaped with the Orb!

Action                   |  1- 3 |  4- 6 |  7- 9 | 10-12 | 13-15 | 16-18 | 19-21 | 22-24 | 25-27 || total
-------------------------+-------+-------+-------+-------+-------+-------+-------+-------+-------++-------
Melee: Short sword       |     1 |    28 |    24 |   106 |   105 |    67 |    48 |       |       ||   379
       Unarmed           |       |       |       |       |       |     5 |       |       |       ||     5
       Quick blades      |       |       |       |       |       |       |   355 |   411 |       ||   766
       Staff             |       |       |       |       |       |       |       |   116 |   242 ||   358
 Fire: Blowgun           |       |       |     6 |       |       |       |       |       |       ||     6
Throw: Throwing net      |       |       |       |     1 |       |       |       |       |       ||     1
 Cast: Magic Dart        |    74 |   108 |    69 |   119 |   222 |    28 |       |       |       ||   620
       Searing Ray       |    13 |    15 |     6 |     3 |     2 |       |       |       |       ||    39
       Iskenderun's Myst |       |    24 |    32 |    18 |    35 |       |       |       |       ||   109
       Dazzling Spray    |       |     1 |       |     2 |       |       |       |       |       ||     3
       Stone Arrow       |       |       |    64 |   331 |   563 |   135 |    13 |     4 |       ||  1110
       Iskenderun's Batt |       |       |    11 |    68 |   101 |    13 |     1 |       |       ||   194
       Repel Missiles    |       |       |     1 |     1 |     1 |     1 |       |       |       ||     4
       Conjure Flame     |       |       |       |     1 |       |       |       |       |       ||     1
       Iron Shot         |       |       |       |       |   156 |   361 |   588 |   516 |   471 ||  2092
       Fireball          |       |       |       |       |    85 |   339 |   140 |    44 |    10 ||   618
       Deflect Missiles  |       |       |       |       |       |     7 |     7 |    10 |     8 ||    32
       Haste             |       |       |       |       |       |     6 |     8 |     8 |     4 ||    26
       Stoneskin         |       |       |       |       |       |     3 |    18 |    17 |    20 ||    58
       Freezing Cloud    |       |       |       |       |       |     4 |    23 |    11 |     5 ||    43
       Lee's Rapid Decon |       |       |       |       |       |     2 |    23 |    35 |     5 ||    65
       Shatter           |       |       |       |       |       |       |       |    34 |    76 ||   110
       Swiftness         |       |       |       |       |       |       |       |     1 |       ||     1
       Blink             |       |       |       |       |       |       |       |       |     2 ||     2
Invok: Vitalisation      |       |       |       |     1 |       |     1 |     4 |       |    21 ||    27
       Recite            |       |       |       |       |     2 |     2 |     4 |       |     1 ||     9
Evoke: Wand              |       |     5 |     6 |     1 |       |     8 |       |       |     6 ||    26
       Staff of energy   |       |       |       |       |       |       |       |       |    96 ||    96
  Use: Scroll            |     3 |     8 |     2 |    11 |    20 |    20 |    19 |    11 |    22 ||   116
       Potion            |     1 |     1 |     1 |       |     3 |     5 |     1 |     1 |    11 ||    24
 Stab: Confused          |       |       |     2 |       |       |       |       |       |       ||     2
       Sleeping          |       |       |       |       |     1 |     1 |     1 |       |     1 ||     4
       Distracted        |       |       |       |       |       |       |       |     2 |     2 ||     4
  Eat: Chunk             |     4 |    10 |    16 |    35 |    49 |     9 |    13 |     9 |    20 ||   165
       Pizza             |       |     2 |       |       |     7 |       |     1 |     3 |     7 ||    20
       Beef jerky        |       |     1 |     2 |     1 |     2 |     6 |     4 |     2 |     8 ||    26
       Meat ration       |       |     1 |       |       |     2 |     7 |     6 |       |     1 ||    17
       Fruit             |       |       |       |       |     1 |     1 |       |    18 |     6 ||    26
       Royal jelly       |       |       |       |       |     5 |    14 |     1 |       |     2 ||    22
       Bread ration      |       |       |       |       |       |       |     4 |     8 |     1 ||    13
